 Dungeon Crawl Stone Soup version 0.31-a0-986-g5e6e4ef867 (webtiles) character file.

Game seed: 11882463204713081937

946 Naiya55 the Chopper (level 8, 0/65 HPs)
             Began as a Formicid Fighter on Nov 4, 2023.
             Was an Initiate of Okawaru.
             Constricted to death by Pikel (2 damage)
             ... on level 5 of the Dungeon.
             The game lasted 00:05:33 (4106 turns).

Naiya55 the Chopper (Formicid Fighter)              Turns: 4106, Time: 00:05:33

Health: 0/65       AC: 16    Str: 23    XL:     8   Next: 35%
Magic:  8/8        EV:  8    Int:  8    God:    Okawaru [......]
Gold:   319        SH: 10    Dex: 13    Spells: 7/7 levels left

rFire   . . .        a - +0 war axe
rCold   . . .        c - +0 buckler
rNeg    . . .        m - +0 plate armour
rPois   .            (helmet unavailable)
rElec   .            p - +2 cloak
rCorr   .            (no gloves)
SInv    +            r - +1 pair of boots
Will    .....        t - amulet of reflection Stlth
                     i - +5 ring of evasion
HPRegen 0.30/turn    (no ring)
MPRegen 0.11/turn

%: reflection
@: mighty, grasped by roots, constricted
A: permanent stasis, dig shafts and tunnels, antennae 3, four strong arms
a: Dig, Shaft Self, Renounce Religion


You were on level 5 of the Dungeon.
You worshipped Okawaru.
Okawaru was noncommittal.
You visited 2 branches of the dungeon, and saw 6 of its levels.

You collected 319 gold pieces.

Inventory:

Hand Weapons
 a - a +0 war axe (weapon)
 k - a +0 flail
Armour
 c - a +0 buckler (worn)
 m - a +0 plate armour (worn)
 p - a +2 cloak (worn)
 r - a +1 pair of boots (worn)
Jewellery
 i - a +5 ring of evasion (left hand)
 o - a ring of ice
 q - an amulet of magic regeneration
 t - an amulet of reflection (around neck)
 z - a ring of magical power
Wands
 d - a wand of polymorph (7)
 n - a wand of flame (14)
Scrolls
 e - 3 scrolls of immolation
 f - 2 scrolls of fog {unknown}
 g - 6 scrolls of identify {unknown}
 h - a scroll of enchant weapon {unknown}
 l - 2 scrolls of teleportation {unknown}
 s - 4 scrolls of noise {unknown}
 y - a scroll of poison {unknown}
 B - a scroll of amnesia {unknown}
Potions
 b - a potion of resistance {unknown}
 j - a potion of enlightenment {unknown}
 v - a potion of magic {unknown}
 w - a potion of ambrosia {unknown}
 x - a potion of degeneration {unknown}


   Skills:
 + Level 6.6 Fighting
 * Level 7.6 Axes
 - Level 3.2 Armour
 - Level 4.0 Shields


You had 7 spell levels left.
You didn't know any spells.
Your spell library was empty.

Dungeon Overview and Level Annotations

Branches:
Dungeon (5/15)             Temple (1/1) D:4

Altars:
Ashenzari
Cheibriados
Dithmenos
Elyvilon
Fedhas
Gozag
Hepliaklqana
Kikubaaqudgha
Makhleb
Okawaru
Qazlal
Ru
Sif Muna
Trog
Uskayaw
Vehumet
Wu Jian
Xom
Yredelemnul
Zin
The Shining One

Shops:
D:4 [

Annotations:
D:5 Pikel


Innate Abilities, Weirdness & Mutations

You cannot be hasted, slowed, berserked, paralysed or teleported.
You can dig through walls and to a lower floor.
You have a pair of large antennae on your head. (SInv)
Your four strong arms can wield two-handed weapons with a shield.


Message History

You slash the lemure!
You closely miss the lemure. x2; You hit the adder.
You block the lemure's attack. x2
Pikel hits you with a +2 whip of electrocution.
You are electrocuted!
* * * LOW HITPOINT WARNING * * *
The grasping roots constrict you.
* * * LOW HITPOINT WARNING * * *
You block the lemure's attack. The adder bites you but does no damage.
You block Pikel's attack. The grasping roots constrict you!
* * * LOW HITPOINT WARNING * * *
The lemure hits you but does no damage. The lemure misses you.
The lemure hits you but does no damage.
It was a potion of curing.
You feel better. The adder bites you.
* * * LOW HITPOINT WARNING * * *
The adder bites you.
* * * LOW HITPOINT WARNING * * *
You are poisoned.
The adder poisons you! The lemure closely misses you.
The lemure completely misses you. The lemure closely misses you.
Pikel hits you but does no damage. The grasping roots constrict you.
You feel better. The adder bites you but does no damage.
The lemure hits you but does no damage. The lemure hits you.
* * * LOW HITPOINT WARNING * * *
The lemure hits you but does no damage. Pikel hits you but does no damage.
You are electrocuted!
* * * LOW HITPOINT WARNING * * *
The grasping roots constrict you.
* * * LOW HITPOINT WARNING * * *
The grasping roots release their grip on you.
You slash Pikel!
Pikel is almost dead.
You hit the lemure. x2; You barely miss the adder.
You slash the lemure!
You kill the lemure!
That felt strangely unrewarding.
The adder barely misses you.
Pikel zaps a wand.
The roots erupt in riotous growth!
The grasping roots grab you!
The lemure is unaffected.
The adder is unaffected.
Pikel is unaffected.
The lemure is unaffected.
The grasping roots constrict you.
You die...
Pikel says, "See you in Hell!"

################
................
#######<###########. .
#.#######...... ..##
####.........###..
..###...###...###...##
##.#.....#.###.#.....#
#...#...#...#.S.#
#...#####...#.@.#
#...#...#...#5K5#
.###.#...(.#.###.#..
#...###...###.,.###...
.....#.###.# ...,
###.# #...#...# .# ..
. #####...# # ##
#...#...# .#
.....#.###.#


You could see Pikel, 2 lemures and an adder.

Vanquished Creatures
  Sigmund (D:2)
  A wraith (D:5)
  An ogre (D:4)
  2 lemures (D:5)
  2 scorpions
  A jelly (D:4)
  Crazy Yiuf (D:3)
  Jessica (D:2)
  Terence (D:2)
  Natasha (twice) (D:3)
  3 iguanas
  An orc wizard (D:3)
  Robin (D:3)
  5 adders
  A worm (D:4)
  3 dart slugs
  6 orcs
  15 ball pythons
  8 bats
  6 endoplasms
  5 giant cockroaches
  18 goblins
  7 hobgoblins
  14 jackals
  5 kobolds
  3 quokkas
  3 frilled lizards (D:2)
  4 rats
121 creatures vanquished.

Notes
Turn   | Place    | Note
-------+----------+-------------------------------------------
     0 | D:1      | Naiya55 the Formicid Fighter began the quest for the Orb.
     0 | D:1      | Reached XP level 1. HP: 18/18 MP: 1/1
    81 | D:1      | Reached XP level 2. HP: 24/24 MP: 2/2
   174 | D:1      | Reached XP level 3. HP: 27/30 MP: 3/3
   177 | D:1      | Reached skill level 3 in Axes
   221 | D:1      | Found a faded altar of an unknown god.
   456 | D:1      | Reached XP level 4. HP: 31/37 MP: 4/4
   581 | D:2      | Noticed Sigmund
   605 | D:2      | Killed Sigmund
   606 | D:2      | Reached skill level 4 in Axes
   606 | D:2      | Reached XP level 5. HP: 28/43 MP: 5/5
   606 | D:2      | Reached XP level 6. HP: 33/50 MP: 6/6
   788 | D:2      | Reached skill level 5 in Axes
  1053 | D:2      | Noticed Terence
  1063 | D:2      | Killed Terence
  1064 | D:2      | Reached skill level 5 in Fighting
  1197 | D:2      | Noticed Jessica
  1200 | D:2      | Killed Jessica
  1789 | D:3      | Noticed Robin
  1802 | D:3      | Killed Robin
  1895 | D:3      | Identified the +4 hand axe of the Teaching Salmon {freeze,
                  | rElec rF+}
  1938 | D:3      | Reached XP level 7. HP: 56/56 MP: 7/7
  2307 | D:3      | Found a runed translucent door.
  2308 | D:3      | Noticed Crazy Yiuf
  2376 | D:3      | Noticed Natasha
  2380 | D:3      | Killed Natasha
  2381 | D:3      | Reached skill level 6 in Axes
  2428 | D:3      | Noticed Natasha
  2440 | D:3      | Killed Natasha
  2683 | D:3      | Killed Crazy Yiuf
  3036 | D:4      | Found a staircase to the Ecumenical Temple.
  3091 | Temple   | Entered the Ecumenical Temple
  3126 | Temple   | Became a worshipper of Warmaster Okawaru
  3273 | D:4      | Found Koroyrphocs's Antique Armour Emporium.
  3714 | D:4      | Reached skill level 7 in Axes
  3714 | D:4      | Reached XP level 8. HP: 61/64 MP: 8/8
  3924 | D:5      | Entered Level 5 of the Dungeon
  4051 | D:5      | Noticed a wraith
  4063 | D:5      | Killed a wraith
  4088 | D:5      | Noticed Pikel
  4105 | D:5      | HP: 3/65 [Pikel/+2 whip of electrocution (12)]
  4106 | D:5      | Constricted to death by Pikel

Illustrated notes

Levels and vault maps discovered:
D:1:      amcnicky_arrival_blooded_trapdoor, layout_rooms,
          hellmonk_ecumenical_altar_blasted
D:2:      layout_loops_ring, serial_aquarium, aquarium_bridge_straight
          [aquarium_subvault_bridge, aquarium_subvault_window,
          aquarium_subvault_bridge, aquarium_subvault_window],
          aquarium_window_fake, aquarium_window_corridor_2, aquarium_view_2g,
          aquarium_balcony_double_1, kennysheep_generic_room_16, uniq_terence,
          uniq_sigmund, uniq_jessica
D:3:      layout_basic, uniq_natasha, uniq_robin, uniq_crazy_yiuf_cottage
D:4:      layout_basic, minmay_temple_entry_enclosed_plants, serial_shops, shop
D:5:      nicolae_cairo_tiling, layout_basic, uniq_edmund, uniq_pikel
Temple:   mainiacjoe_temple_hex_bubbles

Skill      XL: |  1  2  3  4  5  6  7 |
---------------+----------------------+-----
Axes           | 3 4 5 7 |  7.6
Fighting       | 4 5 6 |  6.6
Armour         | |  3.2
Shields        | |  4.0

Action                     |  1- 3 |  4- 6 |  7- 9 || total
---------------------------+-------+-------+-------++-------
  Melee: War axe           |    79 |   107 |   136 ||   322
    Use: Potion            |       |     1 |     3 ||     4
 Armour: Scale mail        |    71 |    11 |       ||    82
         Skin              |       |     2 |       ||     2
         Plate armour      |       |   102 |    80 ||   182
  Dodge: Dodged            |    61 |    54 |    67 ||   182
  Block: Buckler           |    37 |    31 |    49 ||   117

Table legend: (Time is in decaauts)
 A = Elapsed time spent in this place.
 B = Non-inter-level travel time spent in this place.
 C = Inter-level travel time spent in this place.
 D = Time resting spent in this place.
 E = Time spent auto-exploring this place.
 F = Levels seen in this place.
 G = Mean time per level.
                   A        B        C        D        E       F      G
               +--------+--------+--------+--------+--------+-----+--------+
         Total |   4194 |   4079 |    115 |      0 |   3119 |   6 |  699.0 |
       Dungeon |   4130 |   4043 |     87 |      0 |   3119 |   5 |  826.0 |
        Temple |     64 |     36 |     28 |      0 |      0 |   1 |   64.0 |
               +--------+--------+--------+--------+--------+-----+--------+

Top non-repeatable levels by time:
     D:2: 1216 daAuts
     D:3: 1150 daAuts
     D:4: 964 daAuts
     D:1: 612 daAuts
     D:5: 186 daAuts
  Temple: 64 daAuts
